 Dungeon Crawl Stone Soup version 0.17.0-28-g6e173f8 (webtiles) character file.

611 PossumBlood the Shield-Bearer (level 7, -12/60 HPs)
             Began as a Minotaur Fighter on Nov 23, 2015.
             Mangled by Menkaure (15 damage)
             ... on level 4 of the Dungeon.
             The game lasted 00:13:12 (3184 turns).

PossumBlood the Shield-Bearer (Minotaur Fighter)    Turns: 3184, Time: 00:13:12

Health: -12/60     AC:  7    Str: 23      XL:     7   Next: 20%
Magic:  6/6        EV:  9    Int:  5      God:
Gold:   247        SH: 10    Dex:  8 (9)  Spells: 0 memorised, 6 levels left

rFire  . . .     SeeInvis .     a - +0 trident
rCold  . . .     Clarity  .     b - +0 scale mail
rNeg   . . .     SustAt   .     c - +0 shield
rPois  .         Gourm    .     (helmet restricted)
rElec  .         Spirit   .     (no cloak)
rCorr  .         Warding  .     (no gloves)
rMut   .         Stasis   .     (no boots)
MR     .....                    (no amulet)
Stlth  ..........               (no ring)
                                (no ring)

@: not resistant to hostile enchantments, extremely unstealthy
A: retaliatory headbutt, horns 2
a: no special abilities


You were on level 4 of the Dungeon.
You were not hungry.

You visited 1 branch of the dungeon, and saw 4 of its levels.

You collected 247 gold pieces.

Inventory:

Hand Weapons
 a - a +0 trident (weapon)
 h - a +0 dagger of venom
 v - a +0 club
 w - a +0 hunting sling
 x - a +1 flail of draining
Missiles
 k - 8 poisoned needles
 m - 2 silver tomahawks (quivered)
 o - 11 bolts of flame
Armour
 b - a +0 scale mail (worn)
 c - a +0 shield (worn)
 f - a +0 shield
 j - a cursed +0 robe
 n - a +0 chain mail
Wands
 y - a wand of magic darts (39)
Scrolls
 d - 2 scrolls of remove curse
 g - 8 scrolls of teleportation
 q - a scroll of noise {unknown}
 r - 2 scrolls of immolation {unknown}
 u - a scroll of enchant armour {unknown}
 B - a scroll of fear
Potions
 i - a potion of agility {unknown}
 l - 2 potions of mutation
 s - a potion of might
 t - a potion of degeneration {unknown}
 A - a potion of brilliance {unknown}
 C - a potion of ambrosia {unknown}
Comestibles
 e - a bread ration
 p - 2 fruits
 z - a beef jerky


   Skills:
 + Level 4.8 Fighting
 + Level 4.2 Polearms
 + Level 5.8 Armour
 + Level 3.7 Dodging
 + Level 6.0 Shields


You had 6 spell levels left.
You didn't know any spells.

Dungeon Overview and Level Annotations

Branches:
Dungeon (4/15)
 Temple: D:4-7

Altars:
Qazlal
Yredelemnul
The Shining One

Annotations:
D:4 Menkaure


Innate Abilities, Weirdness & Mutations

You reflexively headbutt those who attack you in melee.
You have a pair of horns on your head.


Message History

Menkaure casts a spell at you. Pain shoots through your body!
Menkaure calls on the powers of darkness!
The iguana convulses!
Your body is wracked with pain!
Found a ring mail.
You barely miss the iguana. You headbutt the iguana.
The iguana is severely wounded.
The iguana bites you but does no damage.
Menkaure casts a spell.
Menkaure seems to speed up.
You puncture the iguana!
You kill the iguana!
Your Shields skill increases to level 6!
Menkaure draws the symbol "Udjat" in the dust.
You hit Menkaure but do no damage. You headbutt Menkaure.
Menkaure is lightly damaged.
Menkaure hits you!!
* * * LOW HITPOINT WARNING * * *
Menkaure hits you!
You die...

♣...#... .... .# ......
...## .# ....###..... .#
♣P.♣♣ ........... .#
#.... #.###.#....... .#
#....##.#........# .#
#.....#.#.##....##.##
.###........)...@M......
..........##.#..........
........................
.....................$..
..............##........
....[....#...###........
....##...#...+ [........
....##...#...# #........
....##...###$#


You could see Menkaure.

Vanquished Creatures
  Eustachio (D:4)
  An ogre (D:4)
  A phantom (D:4)
  2 orc wizards (D:3)
  A worker ant (D:4)
  2 iguanas (D:4)
  A hound skeleton (D:4)
  Robin (D:3)
  3 adders (D:2)
  4 oozes
  2 worms (D:3)
  3 giant geckos
  4 orcs (D:3)
  14 hobgoblins
  11 jackals
  9 kobolds
  11 bats
  4 giant cockroaches
  14 giant newts
  28 goblins
  3 quokkas
  7 rats
127 creatures vanquished.

Vanquished Creatures (others)
  A plant (D:1)
1 creature vanquished.

Grand Total: 128 creatures vanquished

Notes
Turn   | Place    | Note
--------------------------------------------------------------
     0 | D:1      | PossumBlood the Minotaur Fighter began the quest for the Orb.
     0 | D:1      | Reached XP level 1. HP: 19/19 MP: 0/0
    89 | D:1      | Reached XP level 2. HP: 25/27 MP: 1/1
   108 | D:1      | Reached skill level 4 in Shields
   211 | D:1      | Reached skill level 1 in Dodging
   211 | D:1      | Reached XP level 3. HP: 22/33 MP: 2/2
  1066 | D:2      | Reached XP level 4. HP: 23/40 MP: 3/3
  1325 | D:2      | Found a faded altar to an unknown god.
  1802 | D:3      | Reached XP level 5. HP: 39/46 MP: 4/4
  1813 | D:3      | Found a basalt altar of Yredelemnul.
  2215 | D:3      | Found a stormy altar of Qazlal.
  2270 | D:3      | Reached skill level 5 in Armour
  2486 | D:3      | Noticed Robin
  2502 | D:3      | Killed Robin
  2941 | D:4      | Noticed a phantom
  2953 | D:4      | Killed a phantom
  2953 | D:4      | Reached skill level 5 in Shields
  2953 | D:4      | Reached XP level 6. HP: 49/53 MP: 5/5
  2990 | D:4      | Noticed an ogre
  2994 | D:4      | Killed an ogre
  3008 | D:4      | Found a glowing golden altar of the Shining One.
  3086 | D:4      | Noticed Eustachio
  3106 | D:4      | Killed Eustachio
  3106 | D:4      | Reached XP level 7. HP: 39/60 MP: 6/6
  3177 | D:4      | Noticed Menkaure
  3183 | D:4      | Reached skill level 6 in Shields
  3184 | D:4      | HP: 3/60 [Menkaure (18)]
  3184 | D:4      | Mangled by Menkaure

Action                   |  1- 3 |  4- 6 |  7- 9 || total
-------------------------+-------+-------+-------++-------
Melee: Trident           |   136 |   213 |     4 ||   353
  Use: Scroll            |     1 |     5 |       ||     6
       Potion            |       |     3 |       ||     3
  Eat: Bread ration      |       |     1 |       ||     1
       Fruit             |       |     5 |       ||     5
